 Dungeon Crawl Stone Soup version 0.28-a0-313-gbc0475efdd (webtiles) character file.

Game seed: 15989897693534591891

100 Demosthentine the Poker (level 4, -1/35 HPs)
             Began as a Merfolk Gladiator on Aug 31, 2021.
             Slain by Grinder (4 damage)
             ... on level 3 of the Dungeon.
             The game lasted 00:02:00 (2747 turns).

Demosthentine the Poker (Merfolk Gladiator)         Turns: 2747, Time: 00:02:01

Health: -1/35      AC:  4    Str: 15    XL:     4   Next: 74%
Magic:  4/4        EV: 13    Int:  7    God:
Gold:   76         SH:  0    Dex: 15    Spells: 3/3 levels left

rFire   . . .      SeeInvis .   a - +0 trident
rCold   . . .      Faith    .   (no shield)
rNeg    . . .      Spirit   .   b - +0 leather armour
rPois   .          Reflect  .   c - +0 helmet
rElec   .          Harm     .   (no cloak)
rCorr   +          Rampage  .   (no gloves)
Will    .....                   (no boots)
Stlth   +.........              (no amulet)
HPRegen 0.11/turn               h - ring of resist corrosion
MPRegen 0.09/turn               (no ring)

@: confused, ambrosia-drunk
A: (nimble swimmer 2), mertail
a: no special abilities


You were on level 3 of the Dungeon.
You visited 1 branch of the dungeon, and saw 3 of its levels.

You collected 76 gold pieces.

Inventory:

Hand Weapons
 a - a +0 trident (weapon)
Missiles
 d - 3 throwing nets (quivered)
Armour
 b - a +0 leather armour (worn)
 c - a +0 helmet (worn)
Jewellery
 h - a ring of resist corrosion (left hand)
Potions
 i - a potion of brilliance {unknown}


   Skills:
 + Level 3.3 Fighting
 + Level 5.4 Polearms
 - Level 2.0 Throwing
 + Level 1.2 Armour
 + Level 4.9 Dodging


You had 3 spell levels left.
You didn't know any spells.
Your spell library contained the following spells:

 Spells                   Type           Power      Damage    Failure   Level
 Blink                    Tloc           N/A        N/A       65%         2
 Lesser Beckoning         Tloc           0%         N/A       86%         3
 Manifold Assault         Tloc           0%         N/A       100%        5


Dungeon Overview and Level Annotations

Branches:
Dungeon (3/15)

Altars:
Nemelex Xobeh
Zin

Annotations:
D:3 Grinder


Innate Abilities, Weirdness & Mutations

((You are quick and stealthy near water. (Stealth+, EV+, Speed+++)))
Your lower body shifts to a powerful aquatic tail in water.


Message History

Grinder comes into view.
Grinder shouts!
Grinder gestures at you.
You suddenly lose the ability to move!
Grinder gestures at you. You resist with significant effort.
You can move again.
Unknown command.
Unknown command.
You closely miss Grinder.
Grinder says, "Tell me all your secrets, or I'll kill you."
Grinder hits you!
You hit Grinder but do no damage.
Grinder blinks!
You reach to attack!
You closely miss Grinder. You puncture Grinder!
Grinder is lightly wounded.
Grinder hits you!
You writhe in agony.
You are too injured to fight recklessly!
You are too injured to fight recklessly!
Unknown command.
You hit Grinder.
Grinder is moderately wounded.
Grinder gestures at you. You resist with significant effort.
Unknown command.
You closely miss Grinder.
Grinder is moderately wounded.
Grinder hits you.
* * * LOW HITPOINT WARNING * * *
Unknown command.
You are confused.
You feel invigorated. Grinder hits you!
* * * LOW HITPOINT WARNING * * *
You writhe in agony.
* * * LOW HITPOINT WARNING * * *
Unknown command.
You bump into the rock wall.
Grinder hits you.
* * * LOW HITPOINT WARNING * * *
You writhe in agony.
You die...

..........#....#.#....#
......#...#....#.#....#
......#...#....#.#....#
...)..#........#.#....#
....>.#..#.....#.#....#
......#..#.....#.######
......#..#.....#.#
......#..##....#.#
...............#@#
###########....#5#
#....#...##.#
#.#..#.#.##.#
#.##.#.#.##.#
#......#.##.#
####.###.##.. ###
#####+


You could see Grinder.

Vanquished Creatures
  A gnoll (D:1)
  3 adders (D:2)
  A worm (D:2)
  2 dart slugs (D:1)
  An orc (D:3)
  5 bats
  5 endoplasms
  3 giant cockroaches
  A goblin (D:1)
  6 hobgoblins
  6 kobolds
  2 quokkas (D:1)
  7 ball pythons
  2 frilled lizards
  10 rats
55 creatures vanquished.

Vanquished Creatures (others)
  10 fungi (D:3)
10 creatures vanquished.

Grand Total: 65 creatures vanquished

Notes
Turn   | Place    | Note
-------+----------+-------------------------------------------
     0 | D:1      | Demosthentine the Merfolk Gladiator began the quest for the
                  | Orb.
     0 | D:1      | Reached XP level 1. HP: 16/16 MP: 1/1
   208 | D:1      | Reached XP level 2. HP: 14/23 MP: 2/2
   637 | D:1      | Found a faded altar of an unknown god.
   844 | D:1      | Reached XP level 3. HP: 27/28 MP: 3/3
   993 | D:1      | Reached skill level 5 in Polearms
  1356 | D:2      | Reached skill level 1 in Armour
  1356 | D:2      | Reached XP level 4. HP: 34/35 MP: 4/4
  1480 | D:2      | Found a sparkling altar of Nemelex Xobeh.
  2430 | D:3      | Found a glowing silver altar of Zin.
  2732 | D:3      | Noticed Grinder
  2733 | D:3      | Paralysed by Grinder for 6 turns
  2747 | D:3      | Slain by Grinder

Illustrated notes

Levels and vault maps discovered:
D:1:      dpeg_chamrin_arrival_tetris, layout_basic,
          shapermc_ecumenical_altar_starsandcircs
D:2:      layout_basic, basic_altar
D:3:      minmay_evil_eye, layout_basic, mainiacjoe_overflow_divided_tiny,
          mainiacjoe_overflow_catwalk, mainiacjoe_overflow_cross_hatched,
          minivault_5, uniq_sigmund, uniq_grinder

Skill      XL: |  1  2  3 |
---------------+----------+-----
Polearms       | 5 |  5.4
Fighting       | 3 |  3.3
Armour         | 1 |  1.2
Throwing       | |  2.0
Dodging        | |  4.9

Action                   |  1- 3 |  4- 6 || total
-------------------------+-------+-------++-------
Melee: Trident           |    95 |    66 ||   161
  Use: Scroll            |     2 |     2 ||     4
       Potion            |       |     1 ||     1
 Stab: Distracted        |     1 |       ||     1
       Sleeping          |     3 |     3 ||     6
Armor: Leather armour    |    24 |    10 ||    34
Dodge: Dodged            |    45 |    23 ||    68

Table legend: (Time is in decaauts)
 A = Elapsed time spent in this place.
 B = Non-inter-level travel time spent in this place.
 C = Inter-level travel time spent in this place.
 D = Time resting spent in this place.
 E = Time spent auto-exploring this place.
 F = Levels seen in this place.
 G = Mean time per level.
                   A        B        C        D        E       F      G
               +--------+--------+--------+--------+--------+-----+--------+
         Total |   2751 |   2718 |     33 |      0 |   2364 |   3 |  917.0 |
       Dungeon |   2751 |   2718 |     33 |      0 |   2364 |   3 |  917.0 |
               +--------+--------+--------+--------+--------+-----+--------+

Top non-repeatable levels by time:
     D:1: 1334 daAuts
     D:2: 922 daAuts
     D:3: 494 daAuts
